 Dungeon Crawl Stone Soup version 0.21.1-1-g345015f (webtiles) character file.

3371 shakethe the Cleaver (level 9, -8/69 HPs)
             Began as a Demonspawn Gladiator on Feb 27, 2018.
             Was a Believer of Okawaru.
             Mangled by a two-headed ogre
             ... wielding a +0 giant club
              (13 damage)
             ... on level 8 of the Dungeon.
             The game lasted 00:09:11 (8226 turns).

shakethe the Cleaver (Demonspawn Gladiator)         Turns: 8226, Time: 00:09:11

Health: -8/69      AC:  6    Str: 14    XL:     9   Next: 73%
Magic:  12/12      EV: 14    Int: 12    God:    Okawaru [**....]
Gold:   399        SH: 10    Dex: 18    Spells: 8/8 levels left

rFire    + + .     SeeInvis .   a - +0 war axe
rCold    . . .     Gourm    .   x - +0 shield
rNeg     . . .     Faith    .   C - +3 leather armour {rF+}
rPois    .         Spirit   .   (helmet restricted)
rElec    .         Reflect  .   (no cloak)
rCorr    .         Harm     .   (no gloves)
MR       .....                  (no boots)
Stlth    ++........             (no amulet)
HPRegen  0.21/turn              (no ring)
MPRegen  0.13/turn              (no ring)

@: no status effects
A: horns 2, thin skeletal structure 1, fire resistance 1, spiny 1
a: Heroism, Renounce Religion


You were on level 8 of the Dungeon.
You worshipped Okawaru.
Okawaru was pleased with you.
You were not hungry.

You visited 2 branches of the dungeon, and saw 9 of its levels.
You also visited: Sewer.

You collected 399 gold pieces.

Inventory:

Hand Weapons
 a - a +0 war axe (weapon)
 b - a +0 battleaxe
   (You took it off a wight on level 6 of the Dungeon)
 q - a +0 blowgun
   (You took it off a kobold on level 3 of the Dungeon)
Missiles
 d - 3 throwing nets {=f, !d}
 r - 24 poisoned needles
Armour
 x - a +0 shield (worn)
   (You found it in a sewer)
 C - a +3 leather armour of fire resistance (worn)
   (You took it off Duvessa on level 7 of the Dungeon)
Jewellery
 j - an uncursed ring of ice {rC+, rF-}
   (You found it on level 2 of the Dungeon)
Wands
 y - a wand of acid (2)
   (You found it on level 6 of the Dungeon)
 A - a wand of iceblast (3)
   (You found it on level 6 of the Dungeon)
Scrolls
 c - a scroll of enchant armour {unknown}
 e - a scroll of teleportation {unknown}
 g - 5 scrolls of identify
 i - 2 scrolls of enchant weapon {unknown}
 k - 2 scrolls of immolation {!r}
 p - 3 scrolls of remove curse {unknown}
 s - 3 scrolls of blinking {unknown}
 w - 2 scrolls of brand weapon {unknown}
 D - a scroll of magic mapping {unknown}
Potions
 h - a potion of invisibility
 l - a potion of flight
 m - 6 potions of curing
 n - 2 potions of resistance
 o - 3 potions of degeneration {unknown}
 t - a potion of agility {unknown}
 u - a potion of brilliance {unknown}
 v - a potion of haste {unknown}
 z - a potion of mutation {unknown}
 B - a potion of might {unknown}
Comestibles
 f - 9 rations


   Skills:
 + Level 6.2 Fighting
 * Level 8.3 Axes
 - Level 1.7 Throwing
 + Level 6.1 Dodging
 * Level 4.9 Shields
 + Level 5.1 Invocations


You had 8 spell levels left.
You didn't know any spells.

Dungeon Overview and Level Annotations

Branches:
Dungeon (8/15)             Temple (1/1) D:5
   Lair: D:8-11

Altars:
Ashenzari
Cheibriados
Elyvilon
Fedhas
Gozag
Hepliaklqana
Kikubaaqudgha
Makhleb
Nemelex Xobeh
Okawaru
Qazlal
Sif Muna
Uskayaw
Vehumet
Wu Jian
Xom
Yredelemnul
Zin
The Shining One

Shops:
D:5 [   D:8 *


Innate Abilities, Weirdness & Mutations

You have a pair of horns on your head.
You have a somewhat thin skeletal structure. (Dex +2, Stealth)
Your flesh is heat resistant. (rF+)
You are partially covered in sharp spines.


Message History

The black bear closely misses you.
You take 5 damage, and have 62/69 hp.
You slash the black bear!
The black bear bites you but does no damage.
The black bear closely misses you.
The black bear claws you but does no damage.
You block the black bear's attack. The black bear claws you.
The black bear claws you but does no damage.
You take 2 damage, and have 60/69 hp.
Your shield prevents you from hitting the black bear.
You block the black bear's attack.
The black bear claws you but does no damage.
The black bear barely misses you.
You closely miss the black bear. The black bear misses you.
The black bear barely misses you. You block the black bear's attack.
You hit the black bear but do no damage.
You headbutt the black bear. The black bear misses you.
The black bear completely misses you. The black bear barely misses you.
You barely miss the black bear.
The black bear is struck by your spines.
The black bear closely misses you. The black bear barely misses you.
The black bear claws you but does no damage.
You block the black bear's attack. The black bear misses you.
You block the black bear's attack.
You hit the black bear. You headbutt the black bear.
The black bear is struck by your spines.
You kill the black bear!
Okawaru accepts your kill.
No target in view!
No target in view!
You now have 399 gold pieces (gained 12).
Found an escape hatch in the ceiling.
You regained 3 hp, and now have 64/69 hp.
You start resting.
Health restored: 69 Unknown command.
There is an escape hatch in the ceiling here.
You open the door.
All of the chunks of flesh in your inventory have rotted away.
There is an open door here.
There is an entrance to Enaf's General Store here.
There is an open door here.
A two-headed ogre comes into view.
It is wielding a giant club and a giant spiked club.
Aim: a two-headed ogre, wielding a giant club and a giant spiked club The mass of ice explodes!
The iceblast engulfs the two-headed ogre.
A two-headed ogre comes into view. It is wielding two giant clubs.
Aim: a two-headed ogre, wielding a giant club and a giant spiked club (moderately wounded)
The mass of ice explodes!
The iceblast engulfs the two-headed ogre.
The two-headed ogre shouts in stereo!
You hear a bark!
Aim: a two-headed ogre, wielding a giant club and a giant spiked club (moderately wounded)
The mass of ice explodes!
The iceblast engulfs the two-headed ogre.
The mass of ice explodes!
The iceblast engulfs the two-headed ogre.
You slash the two-headed ogre!
You kill the two-headed ogre!
Okawaru is honoured by your kill.
Your life force feels restored.
Your Fighting skill increases to level 6!
Your Axes skill increases to level 8!
Your Dodging skill increases to level 6!
Your Invocations skill increases to level 5!
The mass of ice explodes!
The iceblast engulfs the two-headed ogre.
You hit the two-headed ogre.
The two-headed ogre hits you with a giant club!
The two-headed ogre hits you with a giant club.
You take 15 damage, and have 54/69 hp.
MASSIVE DAMAGE!!
You hit the two-headed ogre but do no damage.
You block the two-headed ogre's attack. The two-headed ogre barely misses you.
Your shield and leather armour prevent you from hitting the two-headed ogre.
The two-headed ogre is struck by your spines.
The two-headed ogre closely misses you.
The two-headed ogre hits you with a giant club.
You take 6 damage, and have 48/69 hp.
You hit the two-headed ogre.
The two-headed ogre is struck by your spines.
The two-headed ogre hits you with a giant club!
The two-headed ogre misses you.
You take 8 damage, and have 40/69 hp.
You barely miss the two-headed ogre.
You headbutt the two-headed ogre, but do no damage.
The two-headed ogre is struck by your spines.
The two-headed ogre hits you with a giant club!!
* * * LOW HITPOINT WARNING * * *
The two-headed ogre hits you with a giant club!
* * * LOW HITPOINT WARNING * * *
You take 36 damage, and have 4/69 hp.
MASSIVE DAMAGE!!
Found a stone staircase leading down.
Aim: a two-headed ogre, wielding two giant clubs (heavily wounded)
The bolt of acid hits the two-headed ogre.
The two-headed ogre is splashed with acid.
The acid corrodes the two-headed ogre!
You block the two-headed ogre's attack.
The two-headed ogre hits you with a giant club!
You die...

########.###........##.#
........#####.###.####.########
.....................(.........
#########.#.#####.####.########
#........# ##.####.# #.#####.##
#(...##.# #.# #..#<##.##
..#####.#####..#.#...###
......).....O@.........#
[#.#...#.......#.#...#.#
#...#.#........#.........
.....#...#.....###........
$....#..#......>.....#.####
.... ###...#.#.###....... #...
#..#..#.# #.....## .#.
###...#.. ..#..#


You could see a two-headed ogre.

Vanquished Creatures
  A two-headed ogre (D:8)
  Duvessa (D:7)
  An ice beast (D:5)
  A black bear (D:8)
  A phantom (D:4)
  3 sky beasts
  2 ogres (D:6)
  2 centaurs
  A crocodile (Sewer)
  A bullfrog (D:6)
  Dowan (D:7)
  2 scorpions
  5 wights
  A howler monkey (D:6)
  3 vampire bats (D:2)
  A crimson imp (D:5)
  A centaur zombie (D:7)
  6 hounds
  A quasit (D:6)
  A jelly (D:5)
  3 centaur skeletons
  An orc priest (D:7)
  2 bullfrog skeletons
  2 iguanas
  5 worker ants
  3 orc wizards
  3 hound skeletons
  A worker ant zombie (D:3)
  4 gnolls
  14 adders
  3 shadow imps
  An ooze (D:3)
  An adder skeleton (D:5)
  A worm (D:4)
  4 dart slugs
  2 leopard geckos
  15 orcs
  3 bat skeletons (D:2)
  A bat zombie (D:2)
  2 giant cockroaches (D:6)
  6 goblins
  9 hobgoblins
  21 jackals
  15 bats
  8 frilled lizards
  2 jackal skeletons
  13 kobolds
  A leopard gecko skeleton (D:5)
  11 rats
  A spectral orc (D:3)
194 creatures vanquished.

Notes
Turn   | Place    | Note
-------+----------+-------------------------------------------
     0 | D:1      | shakethe the Demonspawn Gladiator began the quest for the Orb.
     0 | D:1      | Reached XP level 1. HP: 16/16 MP: 1/1
    81 | D:1      | Reached skill level 3 in Axes
    81 | D:1      | Gained mutation: You are partially covered in sharp spines. [demonic ancestry]
    81 | D:1      | Reached XP level 2. HP: 19/22 MP: 2/2
   188 | D:1      | Reached skill level 3 in Dodging
   480 | D:1      | Gained mutation: You have a pair of small horns on your head. [demonic ancestry]
   480 | D:1      | Reached XP level 3. HP: 28/28 MP: 3/3
  1203 | D:2      | Found an ancient bone altar of Kikubaaqudgha.
  1205 | D:2      | Gained mutation: You have a pair of horns on your head. [demonic ancestry]
  1205 | D:2      | Reached XP level 4. HP: 34/34 MP: 4/4
  1208 | D:2      | Reached skill level 3 in Fighting
  1208 | D:2      | Reached skill level 4 in Axes
  1208 | D:2      | Gained mutation: Your flesh is heat resistant. (rF+) [demonic ancestry]
  1208 | D:2      | Reached XP level 5. HP: 38/41 MP: 5/5
  1545 | D:2      | Found a snail-covered altar of Cheibriados.
  2449 | D:3      | Reached XP level 6. HP: 44/47 MP: 6/6
  2805 | D:3      | Found a basalt altar of Yredelemnul.
  3267 | D:4      | Reached skill level 5 in Axes
  3267 | D:4      | Reached skill level 4 in Dodging
  4098 | D:4      | Reached skill level 4 in Fighting
  4098 | D:4      | Reached XP level 7. HP: 38/54 MP: 7/7
  4371 | D:5      | Entered Level 5 of the Dungeon
  4393 | D:5      | Found an opulent altar of Gozag.
  4419 | D:5      | Reached skill level 6 in Axes
  4869 | D:5      | Found a staircase to the Ecumenical Temple.
  4883 | D:5      | Found Akhloppus's Armour Shoppe.
  4908 | Temple   | Entered the Ecumenical Temple
  4915 | Temple   | Became a worshipper of Warmaster Okawaru
  4943 | D:5      | Found a deep blue altar of Sif Muna.
  5207 | D:6      | Found a glowing drain.
  5212 | Sewer    | Entered a sewer
  5277 | Sewer    | Reached skill level 1 in Invocations
  5652 | D:6      | Reached skill level 5 in Dodging
  5652 | D:6      | Gained mutation: You have a somewhat thin skeletal structure. (Dex +2, Stealth) [demonic ancestry]
  5652 | D:6      | Reached XP level 8. HP: 61/61 MP: 7/9
  5657 | D:6      | Reached skill level 1 in Shields
  5845 | D:6      | Reached skill level 5 in Fighting
  5845 | D:6      | Reached skill level 2 in Invocations
  5971 | D:6      | Reached skill level 2 in Shields
  6008 | D:6      | Reached * piety under Okawaru
  6008 | D:6      | Reached skill level 7 in Axes
  6360 | D:7      | Reached skill level 3 in Invocations
  6611 | D:7      | Noticed Duvessa
  6611 | D:7      | Noticed Dowan
  6619 | D:7      | Killed Dowan
  6619 | D:7      | Reached skill level 3 in Shields
  6624 | D:7      | Killed Duvessa
  6775 | D:7      | Reached XP level 9. HP: 68/68 MP: 11/11
  6837 | D:7      | Reached ** piety under Okawaru
  6837 | D:7      | Reached skill level 4 in Invocations
  6880 | D:7      | HP: 12/69 [wight/enchanted spear (9)]
  7303 | D:7      | Found a blossoming altar of Fedhas.
  7323 | D:7      | Reached skill level 4 in Shields
  7537 | D:7      | Found a sparkling altar of Nemelex Xobeh.
  7622 | D:7      | Found a burning altar of Makhleb.
  7964 | D:8      | Found Enaf's General Store.
  8207 | D:8      | Noticed a two-headed ogre
  8210 | D:8      | Noticed a two-headed ogre
  8213 | D:8      | Killed a two-headed ogre
  8213 | D:8      | Reached skill level 6 in Fighting
  8213 | D:8      | Reached skill level 8 in Axes
  8213 | D:8      | Reached skill level 6 in Dodging
  8213 | D:8      | Reached skill level 5 in Invocations
  8219 | D:8      | HP: 17/69 [two-headed ogre/giant club (24)]
  8219 | D:8      | HP: 4/69 [two-headed ogre/giant club (13)]
  8226 | D:8      | Mangled by a two-headed ogre

Skill      XL: |  1  2  3  4  5  6  7  8  9 |
---------------+----------------------------+-----
Axes           | 3 4 5 6 7 8 |  8.3
Dodging        | 3 4 5 6 |  6.1
Fighting       | 3 4 5 6 |  6.2
Invocations    | 1 3 5 |  5.1
Shields        | 3 4 |  4.9
Throwing       | |  1.7

Action                   |  1- 3 |  4- 6 |  7- 9 || total
-------------------------+-------+-------+-------++-------
Melee: War axe           |    86 |    98 |   214 ||   398
       Headbutt          |     3 |    21 |    46 ||    70
Invok: Heroism           |       |       |     2 ||     2
Evoke: Wand              |       |       |     7 ||     7
  Use: Scroll            |       |     5 |       ||     5
 Stab: Sleeping          |     1 |     3 |     2 ||     6
       Distracted        |       |       |     1 ||     1
  Eat: Chunk             |     1 |     6 |    13 ||    20
       Ration            |       |     1 |       ||     1
Armor: Leather armour    |    36 |    10 |    29 ||    75
Dodge: Dodged            |    71 |    70 |   124 ||   265
Block: Shield            |       |       |    73 ||    73

Vault maps used:
D:1:      saegor_arrival_simple_e, minmay_heptomino_o4
D:2:      kennysheep_vampire_church, kennysheep_slug_shrine, first_ration
D:3:      yredelemnul_forgotten_temple_becter
D:4:      nicolae_overflow_hidden_temple, minmay_cupped
D:5:      kennysheep_mini, nicolae_gozag_seed_capital,
          minmay_temple_entry_enclosed_plants, serial_shops,
          kennysheep_mini_moat, minmay_hedge_maze
D:6:      gup_sewer_entry_bowl
D:7:      fedhas_altar_1, kennysheep_little_box,
          nemelex_xobeh_ov_fountains_minmay, uniq_duvessa
D:8:      serial_shops, nicolae_shop_window_shopping, grunt_livestock,
          minmay_splitting_lines, hangedman_abyss_or_decor_stagger, tgw_trog,
          uniq_prince_ribbit1
Temple:   minmay_freezing_vapour_temple
Sewer:    sewer_the_crocodile

Table legend:
 A = Turns spent in this place as a percentage of turns spent in the entire game.
 B = Non-inter-level travel turns spent in this place as a percentage of non-inter-level travel turns spent in the entire game.
 C = Inter-level travel turns spent in this place as a percentage of turns spent in this place.
 D = Turns resting spent in this place as a percentage of non-inter-level travel turns spent in this place.
 E = Turns spent auto-exploring this place as a percentage of non-inter-level travel turns spent in this place.
 F = Non-inter-level travel turns spent in this place divided by the number of levels of this place that you've seen.
                   A       B       C       D       E      F
               +-------+-------+-------+-------+-------+----------------------
         Total | 100.0 | 100.0 |   3.4 |  29.9 |  54.8 | 794.7
       Dungeon |  95.2 |  95.0 |   3.6 |  28.1 |  57.0 | 944.0
        Temple |   0.2 |   0.2 |   0.0 |   0.0 |   0.0 |  15.0
         Sewer |   4.6 |   4.8 |   0.0 |  66.6 |  14.2 | 380.0
               +-------+-------+-------+-------+-------+----------------------

Table legend:
 A = Kills in this place as a percentage of kills in entire the game.
 B = Kills by you in this place as a percentage of kills by you in the entire game.
 C = Kills by friends in this place as a percentage of kills by friends in the entire game.
 D = Other kills in this place as a percentage of other kills in the entire game.
 E = Experience gained in this place as a percentage of experience gained in the entire game.
 F = Experience gained in this place divided by the number of levels of this place that you have seen.
                   A       B       C       D       E      F
               +-------+-------+-------+-------+-------+----------------------
         Total | 100.0 | 100.0 |   N/A |   N/A | 100.0 | 481.7
       Dungeon |  96.9 |  96.9 |   N/A |   N/A |  97.7 | 588.4
         Sewer |   3.1 |   3.1 |   N/A |   N/A |   2.3 | 110.0
               +-------+-------+-------+-------+-------+----------------------
